Map: Black Site 2E

Players

Metasapien - Winner!

  • Race: Zerg Zerg
  • League: Platinum
  • Spawn Location: 3:00

OMG - Winner!

  • Race: Terran Terran
  • League: Gold
  • Spawn Location: 5:00

BigDaddy - Winner!

  • Race: Protoss Protoss
  • Spawn Location: 6:00

Sharif

  • Race: Zerg Zerg
  • Spawn Location: 12:00

Capullo

  • Race: Terran Terran
  • Spawn Location: 9:00

WangHangLo

  • Race: Zerg Zerg
  • League: Silver
  • Spawn Location: 11:00

VOD

Have the link to the VOD?

Description

Time

  • Played on: Sept. 24, 2017, 4:58 p.m.
  • Length: 17:35
Show
View Real Time Build Order
Export as new Build Order

Metasapien Zerg - Winner!

Build Orders: Hatch First, Swarm Host 

Get SALT Encoding   

  12  0:01  Drone  
  13  0:14  Overlord  
  13  0:42  Hatchery  
  12  0:49  Drone  
  13  0:52  Extractor  
  13  0:54  Drone x2  
  14  1:04  Drone  
  15  1:17  Spawning Pool  
  14  1:20  Drone  
  14  1:25  Drone  
  16  1:40  Drone  
  16  1:45  Overlord  
  17  1:54  Drone  
  18  2:09  Drone  
  18  2:11  Drone  
  20  2:23  Metabolic Boost  
  20  2:27  Hatchery  
  19  2:35  Queen  
  21  2:45  Drone x3  
  24  2:53  Queen  
  24  2:57  Drone  
  27  3:00  Drone  
  27  3:03  Drone  
  29  3:10  Drone x2  
  31  3:17  Drone  
  31  3:18  Overlord  
  32  3:22  Extractor  
  32  3:23  Overlord  
  31  3:29  Drone  
  32  3:38  Lair  
  32  3:41  Drone  
  32  3:43  Queen  
  32  3:47  Extractor  
  32  3:48  Extractor  
  33  3:49  Drone  
  33  3:50  Drone  
  33  3:51  Drone  
  33  3:54  Zergling x2  
  37  3:57  Zergling x2  
  37  3:58  Zergling x2  
  37  4:00  Zergling x2  
  40  4:03  Zergling x2  
  40  4:05  Zergling x2  
  40  4:07  Zergling x2  
  40  4:09  Zergling x2  
  44  4:11  Zergling x2  
  44  4:14  Zergling x2  
  46  4:25  Zergling x4  
  46  4:28  Zergling x2  
  46  4:29  Zergling x10  
  53  4:32  Drone  
  53  4:40  Drone  
  53  4:44  Zergling x2  
  53  4:45  Zergling x4  
  50  5:07  Drone  
  50  5:12  Infestation Pit  
  50  5:17  Hydralisk Den  
  50  5:19  Drone x5, Roach Warren  
  53  5:23  Zergling x8  
  53  5:25  Overlord x3  
  57  5:31  Pneumatized Carapace  
  57  5:33  Burrow  
  54  6:01  Drone  
  54  6:02  Drone x4  
  54  6:03  Drone x2  
  61  6:05  Drone x4  
  61  6:07  Extractor  
  64  6:16  Drone x3  
  64  6:17  Drone, Evolution Chamber  
  64  6:18  Drone, Evolution Chamber  
  66  6:19  Drone  
  66  6:21  Overlord x2, Extractor  
  66  6:23  Overseer  
  66  6:24  Overseer  
  67  6:31  Drone x4  
  71  6:46  Drone x2  
  75  6:47  Drone x2  
  75  6:50  Drone x3, Spore Crawler  
  77  6:56  Roach, Hydralisk  
  81  7:03  Drone x3  
  81  7:04  Queen  
  81  7:05  Queen x2  
  90  7:14  Zerg Missile Weapons Level 1  
  90  7:15  Zerg Ground Armor Level 1  
  90  7:29  Nydus Network  
  89  7:31  Hydralisk x3  
  89  7:32  Overlord x2, Roach  
  89  7:33  Overlord x2  
  95  7:50  Roach x2  
  95  7:51  Hydralisk x3, Roach x4  
  94  7:52  Roach x2  
  102  8:07  Overlord x2  
  102  8:08  Overlord, Overseer  
  102  8:17  Overseer  
  102  8:26  Swarm Host  
  102  8:27  Swarm Host x5  
  102  8:28  Swarm Host  
  102  8:32  Zergling x18  
  132  8:39  Overseer  
  132  8:47  Drone x3  
  135  8:56  Hatchery  
  134  9:32  Zerg Missile Weapons Level 2, Zerg Ground Armor Level 2  
  134  9:43  Nydus Canal, Hydralisk  
  134  9:44  Roach x2, Hydralisk x4  
  134  9:45  Roach x2  
  152  9:59  Hatchery, Hydralisk  
  153  10:21  Drone x2, Queen  
  157  10:30  Hydralisk  
  157  10:32  Overlord  
  157  10:33  Overlord x4  
  159  10:41  Overlord x3  
  159  10:42  Overseer  
  159  10:43  Overseer x2  
  159  10:50  Swarm Host  
  159  10:51  Swarm Host x7  
  159  10:53  Glial Reconstitution  
  159  10:55  Muscular Augments  
  183  10:57  Pathogen Glands  
  183  11:15  Extractor  
  182  11:19  Extractor  
  181  11:27  Hatchery  
  181  11:29  Extractor x2  
  178  11:43  Nydus Canal  
  178  11:52  Hydralisk x7  
  178  11:53  Hydralisk x4  
  200  12:23  Hive  
  200  12:41  Zerg Melee Weapons Level 1  
  200  12:46  Evolution Chamber  
  199  13:09  Ravager  
  193  13:42  Nydus Canal  
  193  13:49  Zerg Missile Weapons Level 3  
  193  13:56  Nydus Canal  
  179  14:34  Hydralisk x3  
  179  14:35  Roach x4, Zerg Ground Armor Level 3, Hydralisk x2  
  179  14:36  Roach  
  184  14:54  Hydralisk  
  184  14:55  Roach, Hydralisk x4  
  184  14:56  Roach x3  
  200  15:04  Nydus Canal  
  186  15:31  Hydralisk x4  
  186  15:32  Roach x4  
  180  15:46  Hydralisk x5  
  180  15:47  Roach x4, Hydralisk  
  198  16:13  Nydus Canal  
Show
View Real Time Build Order
Export as new Build Order

OMG Terran - Winner!

Build Orders:  

Get SALT Encoding   

  12  0:00  SCV  
  13  0:13  SCV  
  14  0:25  SCV  
  15  0:31  Supply Depot  
  15  0:40  Refinery  
  15  0:53  SCV  
  15  0:54  Barracks  
  16  1:05  SCV  
  17  1:15  Refinery  
  17  1:17  SCV  
  17  1:18  Barracks  
  18  1:32  SCV  
  19  1:35  Supply Depot  
  19  1:42  Marine  
  20  1:53  Orbital Command  
  20  2:07  Factory  
  20  2:27  SCV  
  21  2:33  Factory  
  21  2:35  Marine  
  22  2:38  Marine  
  22  2:39  SCV  
  24  2:51  SCV  
  24  2:57  Factory Tech Lab  
  25  3:03  SCV  
  26  3:18  Command Center  
  26  3:20  Factory Reactor  
  26  3:21  SCV  
  27  3:31  Hellion  
  29  3:38  SCV  
  29  3:40  Infernal Pre-Igniter  
  30  3:50  Starport  
  30  3:52  SCV  
  28  4:16  Marine  
  27  4:18  Hellion x2  
  31  4:28  Supply Depot  
  31  4:29  Hellion, SCV  
  31  4:30  Supply Depot  
  34  4:34  Starport Tech Lab  
  33  5:02  Hellion x2  
  33  5:03  Hellion  
  35  5:11  SCV  
  36  5:15  Orbital Command  
  36  5:24  Hellion x3  
  42  5:45  Hellion x2  
  46  6:03  Hellion  
  48  6:04  SCV  
  48  6:06  Hellion  
  48  6:09  Starport  
  51  6:13  Barracks  
  51  6:16  SCV  
  51  6:17  Barracks  
  52  6:28  Medivac, SCV  
  55  6:34  Engineering Bay  
  55  6:39  Supply Depot x2  
  55  6:40  SCV  
  55  6:41  Supply Depot  
  55  6:42  SCV  
  55  6:45  Refinery  
  57  6:49  Starport Tech Lab  
  57  7:00  Refinery  
  57  7:06  Medivac  
  59  7:09  SCV  
  56  8:18  Marine x3  
  56  8:19  Widow Mine  
  51  8:20  Cyclone  
  51  8:21  Siege Tank  
  51  8:22  Medivac  
  51  8:23  Banshee  
  64  8:27  SCV  
  64  8:31  SCV  
  66  8:36  Marine x3  
  66  8:40  SCV  
  70  8:44  SCV  
  71  8:49  Hellion  
  71  8:52  Banshee  
  71  8:53  Hellion, Siege Tank  
  82  9:03  Supply Depot  
  82  9:04  Supply Depot  
  82  9:05  Supply Depot  
  82  9:06  Banshee  
  85  9:13  Cyclone  
  85  9:16  Widow Mine  
  83  9:25  Hellion  
  85  9:37  Marine  
  85  9:38  Marine  
  87  9:39  Cloaking Field  
  87  9:40  SCV  
  87  9:45  Widow Mine x2  
  92  9:50  Banshee  
  92  9:51  Banshee  
  92  9:52  Command Center  
  98  9:55  Marine x2  
  100  10:10  Hellion  
  100  10:13  Widow Mine x2, Marine x2  
  108  10:14  SCV  
  108  10:18  SCV  
  110  10:32  Liberator, Supply Depot  
  110  10:33  Supply Depot  
  110  10:35  Barracks  
  110  10:49  Medivac, SCV x2, Marine  
  118  10:53  Widow Mine x2  
  118  10:54  Hellion, Reaper  
  118  10:56  Armory  
  125  10:57  Terran Infantry Weapons Level 1  
  125  11:16  Hellion  
  125  11:19  Banshee  
  128  11:32  Banshee  
  131  11:37  Marine x2  
  131  11:38  Hellion  
  131  11:39  Hellion, Cyclone  
  134  12:00  Cyclone  
  128  12:08  Banshee  
  131  12:09  Marine x2  
  131  12:10  Hellion, Widow Mine  
  131  12:15  Banshee  
  140  12:31  Widow Mine  
  140  12:32  Hellion  
  70  14:10  Marine  
  70  14:11  Widow Mine, Reaper  
  70  14:12  Thor  
  70  14:13  Hellion  
  70  14:14  Banshee x2  
  88  14:19  Planetary Fortress  
  88  14:28  Marine  
  89  14:35  Barracks  
  89  14:37  Factory, Barracks  
  89  14:38  Starport  
  89  14:43  Marine  
  87  14:46  Marine  
  87  14:51  Refinery  
  87  14:52  Refinery  
  88  14:55  Thor  
  88  14:56  Hellion, Banshee  
  88  14:57  Hellion, Banshee  
  88  14:58  Command Center  
  104  15:00  Barracks Tech Lab, Marine  
  105  15:16  Recalibrated Explosives  
  105  15:17  Corvid Reactor  
  105  15:18  Hellion x2  
  109  15:31  Hellion  
  108  15:38  Thor  
  108  15:39  Hellion, Raven, Banshee  
  108  15:40  Hellion  
  117  15:43  Marine  
  117  15:44  Marauder, Marine x3  
  117  15:48  Starport Tech Lab  
  123  16:01  Marine x2  
  123  16:03  Factory Tech Lab  
  125  16:06  Marauder  
  125  16:10  Starport  
  127  16:21  Thor  
  127  16:22  Raven x2  
  137  16:27  Marauder  
  137  16:32  Command Center  
  139  16:48  Marauder  
  147  17:10  Marauder  
Show
View Real Time Build Order
Export as new Build Order

BigDaddy Protoss - Winner!

Build Orders: Double Forge 

Get SALT Encoding   

  12  0:02  Probe (Chrono Boost)  
  14  0:14  Probe (Chrono Boost)  
  14  0:37  Pylon  
  14  0:42  Probe (Chrono Boost)  
  15  0:55  Probe (Chrono Boost)  
  16  0:58  Pylon  
  16  1:06  Probe (Chrono Boost)  
  17  1:16  Probe (Chrono Boost)  
  18  1:22  Forge  
  18  1:37  Pylon, Assimilator  
  18  1:45  Probe (Chrono Boost)  
  19  1:56  Probe (Chrono Boost)  
  19  1:59  Nexus  
  20  2:02  Pylon  
  20  2:06  Probe (Chrono Boost)  
  21  2:11  Pylon  
  21  2:20  Pylon  
  21  2:32  Photon Cannon  
  21  2:36  Photon Cannon  
  21  2:39  Pylon  
  21  2:46  Pylon  
  21  2:58  Photon Cannon  
  21  3:00  Photon Cannon  
  21  3:09  Probe (Chrono Boost)  
  22  3:17  Assimilator  
  22  3:19  Probe (Chrono Boost)  
  23  3:26  Gateway  
  23  3:30  Probe (Chrono Boost)  
  24  3:39  Probe (Chrono Boost)  
  24  3:40  Probe (Chrono Boost)  
  26  3:46  Assimilator  
  26  3:49  Probe (Chrono Boost)  
  26  3:51  Assimilator  
  26  3:53  Photon Cannon  
  27  4:01  Photon Cannon  
  23  4:25  Pylon  
  23  4:28  Cybernetics Core  
  23  4:33  Forge  
  23  4:43  Zealot (Chrono Boost)  
  25  5:09  Stargate  
  25  5:12  Stargate  
  25  5:15  Photon Cannon  
  25  5:19  Photon Cannon  
  25  5:24  Photon Cannon  
  25  5:32  Photon Cannon  
  25  5:33  Mothership Core  
  27  5:37  Probe  
  28  5:48  Probe  
  29  5:54  Probe  
  30  5:58  Probe  
  31  6:06  Void Ray, Probe  
  31  6:09  Probe  
  37  6:18  Probe  
  38  6:20  Probe  
  38  6:24  Void Ray  
  43  6:33  Probe  
  43  6:34  Probe  
  45  6:47  Probe  
  45  6:49  Void Ray (Chrono Boost), Probe  
  51  7:00  Probe  
  52  7:01  Probe  
  52  7:07  Void Ray (Chrono Boost)  
  57  7:11  Probe  
  57  7:13  Probe  
  59  7:23  Probe  
  59  7:26  Void Ray (Chrono Boost)  
  59  7:28  Protoss Air Weapons Level 1 (Chrono Boost)  
  60  7:37  Probe x2  
  54  7:49  Void Ray, Probe  
  59  7:51  Probe  
  60  8:01  Probe  
  60  8:04  Mothership Core  
  63  8:15  Stargate  
  63  8:16  Stargate  
  63  8:18  Pylon  
  63  8:27  Nexus  
  63  8:29  Pylon  
  63  8:31  Assimilator  
  63  8:34  Probe x2, Pylon, Assimilator  
  63  8:39  Void Ray, Pylon  
  65  8:46  Probe x2  
  71  9:04  Probe x2  
  71  9:06  Void Ray  
  71  9:07  Void Ray  
  81  9:16  Probe  
  82  9:30  Void Ray  
  82  9:36  Void Ray  
  90  9:49  Void Ray  
  94  9:56  Void Ray  
  98  10:09  Void Ray (Chrono Boost)  
  102  10:20  Void Ray (Chrono Boost)  
  106  10:27  Protoss Air Armor Level 1 (Chrono Boost)  
  106  10:31  Probe  
  106  10:32  Probe x2  
  106  10:33  Void Ray (Chrono Boost)  
  113  10:36  Void Ray (Chrono Boost)  
  117  10:53  Protoss Shields Level 1 (Chrono Boost)  
  117  11:03  Pylon  
  117  11:05  Fleet Beacon  
  117  11:10  Robotics Facility  
  117  11:13  Pylon  
  117  11:14  Pylon  
  117  11:15  Pylon  
  117  11:25  Void Ray  
  117  11:31  Void Ray x2  
  129  11:38  Void Ray  
  133  11:49  Cybernetics Core  
  133  11:53  Graviton Catapult  
  133  11:54  Stargate  
  133  11:59  Observer (Chrono Boost)  
  134  12:19  Carrier  
  134  12:20  Observer (Chrono Boost)  
  141  12:31  Carrier  
  141  12:36  Warp Gate  
  147  12:48  Carrier  
  133  14:38  Carrier (Chrono Boost)  
  109  14:44  Carrier x2 (Chrono Boost)  
  121  14:48  Carrier (Chrono Boost)  
  97  15:09  Observer  
  98  15:20  Pylon  
  98  15:21  Pylon  
  98  15:22  Pylon  
  98  15:24  Pylon, Gateway  
  98  15:26  Gateway  
  98  15:29  Gateway  
  98  15:31  Gateway  
  98  15:34  Gateway  
  98  15:35  Mothership Core, Gateway  
  100  15:36  Gateway  
  100  15:39  Gateway  
  100  15:49  Carrier (Chrono Boost)  
  112  16:02  Carrier x2 (Chrono Boost)  
  124  16:04  Carrier (Chrono Boost)  
  130  16:11  Carrier (Chrono Boost)  
  130  16:13  Twilight Council  
  130  16:45  Pylon  
  130  16:46  Pylon  
  130  16:48  Pylon  
  130  16:49  Pylon  
  136  17:24  Zealot x5  
  136  17:25  Zealot x4  
Show
View Real Time Build Order
Export as new Build Order

Sharif Zerg 

Build Orders: Pool First, Zergling Baneling 

Get SALT Encoding   

  12  0:03  Drone  
  13  0:13  Drone  
  14  0:25  Extractor  
  13  0:31  Spawning Pool  
  13  0:33  Drone  
  13  0:37  Drone  
  14  0:56  Overlord  
  14  1:18  Zergling x2  
  14  1:19  Zergling x4  
  14  1:21  Queen  
  19  1:35  Baneling Nest  
  18  1:41  Zergling x2  
  18  1:42  Zergling x2  
  20  1:52  Metabolic Boost  
  20  1:57  Zergling x2  
  21  2:10  Overlord  
  21  2:18  Zergling x2  
  22  2:28  Queen  
  24  2:32  Zergling x4  
  24  2:33  Zergling x2  
  27  2:40  Zergling x2  
  27  2:44  Zergling x2  
  29  3:19  Drone  
  30  3:21  Overlord x2  
  30  3:30  Baneling x2  
  30  3:31  Baneling x6  
  30  3:39  Spore Crawler  
  20  4:25  Zergling x2  
  20  4:26  Zergling x14  
  26  5:05  Roach Warren  
  26  5:06  Drone  
  27  5:07  Drone x2  
  27  5:26  Extractor  
  27  5:27  Drone  
  27  5:45  Drone  
  27  5:46  Drone x4  
  32  6:22  Baneling x2  
  32  6:24  Hatchery  
  31  6:27  Drone  
  31  6:28  Drone  
  31  6:29  Drone  
  31  6:32  Lair  
  34  6:47  Spine Crawler  
  33  7:04  Hatchery  
  32  7:30  Queen  
  32  7:36  Spire  
  33  7:48  Drone  
  30  8:22  Drone x2  
  30  8:23  Drone x14  
  46  8:47  Extractor  
  45  8:51  Extractor  
  45  8:53  Drone  
  45  8:54  Drone  
  46  8:57  Drone x3  
  46  8:58  Drone x3  
  46  9:00  Overlord x2  
  52  9:28  Mutalisk x5  
  52  9:29  Mutalisk x4  
  70  9:34  Drone  
  70  9:35  Drone x2  
  70  9:37  Overlord  
  73  9:38  Overlord  
  73  10:01  Mutalisk x2  
  73  10:02  Mutalisk  
  73  10:04  Zergling x4  
  73  10:05  Zergling x14  
  88  10:21  Evolution Chamber  
  87  10:22  Zerg Flyer Weapons Level 1  
  87  10:35  Extractor  
  87  10:36  Extractor  
  87  10:37  Spore Crawler  
  87  10:39  Drone x4  
  87  10:40  Drone  
  87  10:42  Overlord x4  
  89  10:51  Zerg Melee Weapons Level 1  
  89  11:07  Drone x3  
  89  11:08  Drone x4  
  89  11:09  Drone  
  97  11:13  Drone x5  
  102  11:31  Overseer  
  102  11:32  Overseer  
  102  11:36  Pneumatized Carapace  
  102  11:37  Burrow  
  102  11:53  Spore Crawler  
  101  11:57  Spore Crawler  
  101  11:58  Spore Crawler  
  99  12:13  Overseer  
  99  12:18  Spire  
  98  12:24  Evolution Chamber  
  97  13:03  Mutalisk x5  
  97  13:04  Mutalisk x7  
  121  13:07  Overlord x4  
  121  13:08  Overlord x2  
  96  14:19  Corruptor  
  96  14:20  Corruptor x7  
  96  14:21  Corruptor x2  
  80  15:00  Drone x9  
  80  15:01  Drone  
  80  15:11  Hatchery  
  80  15:13  Extractor x2  
  77  15:17  Queen x2  
  81  15:26  Nydus Network  
  80  15:52  Queen x2  
  84  16:34  Corruptor x6  
  84  16:35  Corruptor x4  
  84  16:38  Overlord x6  
  84  16:39  Overlord x3  
  104  16:46  Overlord x3  
Show
View Real Time Build Order
Export as new Build Order

Capullo Terran 

Build Orders: Cyclone Opening 

Get SALT Encoding   

  12  0:09  SCV  
  13  0:21  SCV  
  14  0:30  Supply Depot  
  14  0:34  SCV  
  15  0:36  Refinery  
  15  0:51  SCV  
  15  0:54  Barracks  
  16  1:01  Refinery  
  16  1:03  SCV  
  17  1:16  SCV  
  18  1:28  SCV  
  19  1:40  SCV  
  19  1:42  Barracks Reactor  
  19  1:45  Supply Depot  
  20  1:52  Orbital Command  
  20  2:00  Factory  
  20  2:16  Supply Depot  
  20  2:18  SCV  
  20  2:22  Marine x2  
  23  2:33  SCV  
  24  2:53  Factory  
  24  2:56  Cyclone x2  
  30  3:00  Barracks Reactor  
  30  3:27  SCV  
  30  3:28  Cyclone  
  34  3:39  Factory Tech Lab  
  34  3:43  Cyclone  
  37  4:13  SCV  
  37  4:16  Supply Depot  
  38  4:17  Supply Depot  
  38  4:36  Cyclone  
  38  4:37  Cyclone  
  38  4:48  Cyclone  
  35  5:09  Cyclone  
  35  5:10  SCV  
  39  5:19  Siege Tank, Command Center  
  41  5:23  SCV  
  42  5:35  SCV  
  42  5:47  SCV  
  43  5:51  Siege Tank  
  46  5:59  SCV  
  47  6:11  SCV  
  48  6:23  Siege Tank, SCV  
  52  6:28  Command Center  
  52  6:38  Cyclone x2  
  58  6:52  Starport  
  58  6:54  Orbital Command  
  58  6:56  SCV  
  58  6:58  Refinery  
  59  7:06  Refinery  
  59  7:07  Armory  
  59  7:12  Engineering Bay  
  44  8:21  SCV  
  45  8:31  Missile Turret  
  45  8:32  Missile Turret  
  45  8:33  SCV  
  46  8:35  Missile Turret  
  46  8:37  SCV  
  47  8:43  Orbital Command  
  47  8:45  SCV  
  47  8:46  Refinery  
  48  8:49  SCV  
  49  8:58  SCV  
  49  9:01  SCV  
  51  9:10  SCV  
  51  9:13  SCV  
  41  9:25  SCV  
  41  9:29  SCV  
  37  9:34  Siege Tank  
  37  9:36  Widow Mine x2  
  44  9:40  SCV  
  44  9:41  SCV  
  46  9:52  SCV  
  47  9:53  SCV  
  48  10:02  Viking x2  
  48  10:04  Widow Mine, SCV  
  48  10:05  Widow Mine  
  48  10:06  Siege Tank, SCV  
  61  10:16  SCV  
  61  10:18  SCV  
  63  10:28  SCV  
  64  10:30  SCV  
  64  10:33  Widow Mine x2  
  69  10:38  Missile Turret  
  69  10:40  Missile Turret, SCV  
  69  10:42  SCV  
  71  10:43  Missile Turret  
  71  10:52  SCV  
  71  10:54  SCV  
  73  11:01  Widow Mine  
  73  11:02  Widow Mine  
  77  11:04  SCV  
  69  11:59  Supply Depot  
  69  12:14  Widow Mine x2  
  73  12:18  SCV  
  74  12:30  SCV  
  74  12:31  Missile Turret  
  74  12:33  Missile Turret  
  74  12:34  Missile Turret  
  75  12:42  Widow Mine x2, SCV  
  80  12:54  SCV  
  81  13:00  Missile Turret  
  77  13:06  SCV  
  77  13:11  Widow Mine x2  
  82  13:15  Siege Tank  
  82  13:18  SCV  
  80  13:39  Widow Mine x2  
  74  13:47  Siege Tank  
  62  14:00  Viking x2  
  63  14:19  Siege Tank  
  61  14:30  Viking x2  
  55  15:07  Refinery  
  55  15:10  Supply Depot x2  
  55  15:11  Supply Depot  
  55  15:14  Supply Depot  
  55  15:21  Orbital Command  
  55  15:27  Terran Vehicle Weapons Level 1  
  55  15:30  Armory  
  55  15:31  Siege Tank, Viking x2  
  62  15:50  SCV  
  63  16:01  Viking x2  
  63  16:02  SCV  
  63  16:03  Siege Tank  
  71  16:12  Barracks  
  71  16:14  SCV  
  71  16:18  Missile Turret  
  72  16:19  Missile Turret, Supply Depot  
  72  16:20  Supply Depot  
  72  16:23  Missile Turret, Supply Depot  
  72  16:24  Supply Depot  
  72  16:46  Missile Turret x2  
  72  16:52  Missile Turret  
Show
View Real Time Build Order
Export as new Build Order

WangHangLo Zerg 

Build Orders: Hatch First 

Get SALT Encoding   

  12  0:02  Drone  
  13  0:08  Drone  
  14  0:18  Overlord  
  14  0:47  Hatchery  
  14  0:49  Drone  
  14  0:51  Drone  
  15  1:12  Spawning Pool  
  15  1:13  Drone  
  15  1:16  Drone  
  16  1:20  Drone  
  16  1:23  Extractor  
  16  1:30  Drone  
  17  1:35  Overlord  
  17  1:46  Drone  
  18  2:01  Drone  
  18  2:04  Queen  
  18  2:07  Queen  
  23  2:09  Drone  
  23  2:11  Drone  
  25  2:23  Drone  
  25  2:27  Extractor  
  25  2:30  Drone  
  25  2:31  Drone  
  25  2:33  Drone  
  25  2:36  Overlord  
  28  2:47  Roach Warren  
  27  2:51  Drone  
  27  2:55  Overlord  
  28  3:01  Drone  
  28  3:02  Drone  
  30  3:09  Lair  
  30  3:21  Drone x5  
  35  3:27  Extractor  
  35  3:30  Drone  
  35  3:36  Overlord  
  35  3:38  Roach  
  35  3:40  Roach  
  39  3:56  Drone x2  
  39  3:57  Drone  
  42  4:03  Extractor  
  42  4:06  Drone x3  
  44  4:10  Roach x4  
  52  4:17  Hydralisk Den  
  52  4:20  Drone, Evolution Chamber  
  51  4:36  Drone x4  
  55  4:42  Spine Crawler  
  54  4:46  Spine Crawler, Roach x2  
  54  4:47  Roach  
  59  4:57  Glial Reconstitution  
  59  5:11  Overlord x3  
  59  5:30  Overlord  
  59  5:33  Roach  
  59  5:34  Roach x2  
  65  5:39  Drone x3  
  68  6:03  Muscular Augments  
  68  6:06  Drone, Spore Crawler  
  68  6:07  Drone x3  
  68  6:10  Spore Crawler  
  70  6:15  Spore Crawler  
  69  6:21  Spore Crawler  
  69  6:24  Spore Crawler, Hydralisk x3  
  73  6:30  Hydralisk x3  
  73  6:31  Hydralisk x2  
  83  6:48  Hatchery  
  83  6:50  Hydralisk x2  
  86  6:55  Overlord  
  86  7:00  Drone x4  
  90  7:11  Drone x2  
  92  7:17  Spore Crawler  
  91  7:26  Overlord x3  
  89  8:20  Drone  
  89  8:21  Drone  
  89  8:22  Queen  
  99  8:27  Roach x7  
  99  8:28  Roach x2  
  99  8:33  Hydralisk x3  
  99  8:34  Hydralisk x6  
  129  8:57  Drone  
  129  8:58  Overlord  
  129  8:59  Overlord  
  116  9:56  Hydralisk x2  
  116  9:57  Hydralisk x4  
  128  10:08  Hydralisk  
  128  10:09  Hydralisk x7  
  128  10:10  Hydralisk  
  146  10:15  Overlord  
  146  10:19  Extractor  
  146  10:20  Extractor  
  144  10:23  Zerg Missile Weapons Level 1  
  144  10:26  Queen  
  146  10:40  Roach  
  146  10:41  Roach x2  
  152  10:49  Roach  
  154  10:53  Overlord x3  
  154  11:03  Burrow  
  154  11:13  Overseer  
  154  11:14  Overseer x3  
  154  11:20  Overseer  
  154  11:33  Hydralisk  
  154  11:34  Hydralisk x2  
  154  11:37  Hydralisk x2  
  154  11:38  Hydralisk x4  
  172  12:24  Overseer x3  
  172  12:30  Overlord x3  
  172  12:43  Hatchery  
  125  15:05  Roach x4  
  125  15:06  Roach x2  
  137  15:10  Roach x6  
  137  15:11  Roach x2  
  153  15:17  Hydralisk x3  
  153  15:18  Hydralisk x3  
  95  16:30  Hydralisk x3  
Tags
 
Add a new tag
Caveats
  • Supply blocks, unpowered buildings, or Contaminate may cause inaccurate times.
  • Supply counts are checked every 10 seconds.